 Dungeon Crawl Stone Soup version 0.30.1-4-g462c640d31 (webtiles) character file.

Game seed: 4803690055970365770

136 monsoonserge the Magician (level 5, -1/35 HPs)
             Began as a Djinni Venom Mage on Sept 13, 2023.
             Slain by an iguana (6 damage)
             ... on level 4 of the Dungeon.
             The game lasted 00:06:48 (2541 turns).

monsoonserge the Magician (Djinni Venom Mage)       Turns: 2541, Time: 00:06:48

Health: -1/35      AC: 12    Str:  7    XL:     5   Next: 43%
Gold:   322        EV: 11    Int: 19    God:
                   SH:  0    Dex: 13

rFire   + . .        c - +0 dagger (protect)
rCold   . . .        (no shield)
rNeg    . . .        l - +0 leather armour
rPois   ∞            (no helmet)
rElec   .            (no cloak)
rCorr   .            h - +1 pair of gloves
SInv    .            (boots unavailable)
Will    +....        (no amulet)
Stlth   ++           w - ring of willpower
HPRegen 0.25/turn    d - ring of ice
MPRegen 0.00/turn

%: infuse magic (-2 HP)
@: under a protective aura, flying
A: sickness immunity, fire resistance 2, cold vulnerability 1, float, innate
caster, HP casting, extra vitality 1
a: no special abilities


You were on level 4 of the Dungeon.
You visited 1 branch of the dungeon, and saw 4 of its levels.

You collected 322 gold pieces.

Inventory:

Hand Weapons
 c - a +0 dagger of protection (weapon)
 g - a +1 dagger of venom
Missiles
 u - 5 poisoned darts
Armour
 f - a +0 ring mail
 h - a +1 pair of gloves (worn)
 l - a +0 leather armour (worn)
Jewellery
 b - a ring of positive energy
 d - a ring of ice (right hand)
 w - a ring of willpower (left hand)
Scrolls
 e - 2 scrolls of brand weapon {unknown}
 j - a scroll of enchant weapon {unknown}
 k - 3 scrolls of teleportation {unknown}
 n - a scroll of magic mapping {unknown}
 s - a scroll of amnesia {unknown}
 v - a scroll of identify {unknown}
Potions
 a - 2 potions of might {unknown}
 i - 2 potions of heal wounds {unknown}
 m - a potion of ambrosia {unknown}
 o - a potion of lignification {unknown}
 p - a potion of degeneration {unknown}
 q - a potion of attraction {unknown}
 r - a potion of brilliance {unknown}
 t - a potion of magic {unknown}
 x - a potion of flight {unknown}


   Skills:
 + Level 0.7 Short Blades
 * Level 0.8 Armour
 + Level 2.5 Dodging
 + Level 2.0 Stealth
 * Level 3.9 Spellcasting


You knew the following spells:

 Your Spells              Type           Power      Damage    Failure   Level
a - Sting                 Tmut/Pois      72%        1d6       4%          1
b - Poisonous Vapours     Pois/Air       36%        N/A       6%          2
c - Mephitic Cloud        Conj/Pois/Air  18%        N/A       12%         3
d - Olgreb's Toxic Radia  Pois           18%        N/A       36%         4
e - Beastly Appendage     Tmut           36%        N/A       4%          1
f - Ensorcelled Hibernat  Hex/Ice        56%        N/A       6%          2
Your spell library was empty.

Dungeon Overview and Level Annotations

Branches:
Dungeon (4/15)
 Temple: D:4-7

Altars:
Zin
The Shining One


Innate Abilities, Weirdness & Mutations

You are immune to sickness and miasma.
You are immune to poison.
Your flesh is very heat resistant. (rF++)
You are vulnerable to cold. (rC-)
You float through the air rather than walking.
You learn spells naturally, not from books.
Your magical power is your life essence.
You have superior vitality. (+4 MHP)


Message History

You barely miss the iguana.
The iguana is heavily wounded.
The iguana barely misses you.
Casting: Sting (safe; 4% risk of failure)
Confirm with . or Enter, or press ? or * to list all spells.
Aiming: Sting (safe; 4% risk of failure)
Press: ? - help, Shift-Dir - straight line, f - iguana
Aim: an iguana (heavily wounded, 77% to hit)
The sting misses the iguana.
The iguana bites you!
Casting: Sting (safe; 4% risk of failure)
Confirm with . or Enter, or press ? or * to list all spells.
Aiming: Sting (safe; 4% risk of failure)
Press: ? - help, Shift-Dir - straight line, f/p - iguana
Aim: an iguana (heavily wounded, 77% to hit)
The sting hits the iguana but does no damage.
The iguana is poisoned.
The iguana is heavily wounded.
The iguana bites you.
Casting: Sting (safe; 4% risk of failure)
Confirm with . or Enter, or press ? or * to list all spells.
Aiming: Sting (safe; 4% risk of failure)
Press: ? - help, Shift-Dir - straight line, f/p - iguana
Aim: an iguana (heavily wounded, poisoned, 77% to hit)
The sting misses the iguana.
The iguana bites you!
* * * LOW HITPOINT WARNING * * *
Unknown command.
Casting: Sting (safe; 4% risk of failure)
Confirm with . or Enter, or press ? or * to list all spells.
Aiming: Sting (safe; 4% risk of failure)
Press: ? - help, Shift-Dir - straight line, f/p - iguana
Aim: an iguana (severely wounded, poisoned, 77% to hit)
The sting hits the iguana.
The iguana looks even sicker.
The iguana is severely wounded.
* * * LOW HITPOINT WARNING * * *
The iguana closely misses you.
You hit the iguana.
Your weapon exudes an aura of protection.
The iguana is almost dead.
The iguana bites you.
You die...

. .## ..#
## #.# ..
# #.# #
#.#.#.##.#
#...#../.#
#.l@#
#.).#.#
#.# #.# ..
#.# # #.#
#.#
#.##.#.#
#.#..#.#
###.#.##.#


You could see an iguana (very poisoned).

Vanquished Creatures
  A hound (D:3)
  3 adders
  2 worms (D:2)
  3 dart slugs
  7 endoplasms
  2 giant cockroaches
  12 goblins
  7 hobgoblins
  6 kobolds
  3 quokkas
  4 ball pythons
  5 bats
  4 frilled lizards (D:1)
  6 rats
65 creatures vanquished.

Notes
Turn   | Place    | Note
-------+----------+-------------------------------------------
     0 | D:1      | monsoonserge the Djinni Venom Mage began the quest for the
                  | Orb.
     0 | D:1      | monsoonserge set off with the following spells memorised:
                  | Sting, Poisonous Vapours, Mephitic Cloud, Olgreb's Toxic
                  | Radiance.
     0 | D:1      | Reached XP level 1. HP: 15/15 MP: 0/0
   196 | D:1      | Reached XP level 2. HP: 20/21 MP: 0/0
   607 | D:1      | Reached XP level 3. HP: 25/25 MP: 0/0
   607 | D:1      | Learned a level 1 spell: Beastly Appendage
   609 | D:1      | Reached skill level 3 in Spellcasting
  1117 | D:2      | Reached XP level 4. HP: 22/31 MP: 0/0
  1606 | D:3      | Found a glowing golden altar of the Shining One.
  1939 | D:3      | Found a glowing silver altar of Zin.
  2082 | D:3      | Reached XP level 5. HP: 35/35 MP: 0/0
  2082 | D:3      | Learned a level 2 spell: Ensorcelled Hibernation
  2541 | D:4      | Slain by an iguana

Illustrated notes

Levels and vault maps discovered:
D:1:      sevenhm_arrival_forest_fort_small_3, layout_basic
D:2:      layout_basic, minmay_pentomino_r2
D:3:      layout_loops_ring, zin_scriptorium, tso_metal_star
D:4:      layout_loops_ring, temple_statues

Skill      XL: |  1  2  3 |
---------------+----------+-----
Spellcasting   | 3 |  3.9
Stealth        | 2 |  2.0
Short Blades   | |  0.7
Armour         | |  0.8
Dodging        | |  2.5

Action                     |  1- 3 |  4- 6 || total
---------------------------+-------+-------++-------
  Melee: Dagger            |    19 |    50 ||    69
   Cast: Sting             |    53 |    47 ||   100
         Ensorcelled Hiber |       |     1 ||     1
   Stab: Sleeping          |     2 |     5 ||     7
         Distracted        |       |     1 ||     1
 Armour: Robe              |     5 |       ||     5
         Leather armour    |     6 |    21 ||    27
  Dodge: Dodged            |    21 |    42 ||    63
